 Dungeon Crawl Stone Soup version 0.21.1-1-g345015f (webtiles) character file.

119416 snakesoul the Bludgeoner (level 16, -1/108 HPs)
             Began as a Gargoyle Fighter on July 28, 2018.
             Was the Champion of Okawaru.
             Slain by Rupert
             ... wielding a +1 great sword of protection
              (2 damage)
             ... on level 14 of the Dungeon.
             The game lasted 01:08:30 (33123 turns).

snakesoul the Bludgeoner (Gargoyle Fighter)        Turns: 33123, Time: 01:08:30

Health: -1/108     AC: 41    Str: 32    XL:     16   Next: 79%
Magic:  16/16      EV: 13    Int:  9    God:    Okawaru [******]
Gold:   1794       SH:  0    Dex: 13    Spells: 15/15 levels left

rFire    . . .     SeeInvis +   S - +1 dire flail (crush)
rCold    . . .     Gourm    .   (shield currently unavailable)
rNeg     + . .     Faith    .   K - +8 chain mail of a bailey {Dex+4}
rPois    ∞         Spirit   .   N - +1 hat {SInv}
rElec    +         Reflect  .   a - +1 cloak "Trusted Companion" {MR+ rCorr}
rCorr    +         Harm     .   l - +2 pair of gloves
MR       ++...                  H - +0 pair of boots
Stlth    ..........             (no amulet)
HPRegen  0.28/turn              n - ring of stealth
MPRegen  0.15/turn              R - +4 ring of evasion

@: mighty
A: big wings, negative energy resistance 1, electricity resistance, unbreathing,
petrification resistance, rot immunity, AC +12
a: Fly, Heroism, Finesse, Renounce Religion


You were on level 14 of the Dungeon.
You worshipped Okawaru.
Okawaru was exalted by your worship.
You were not hungry.

You visited 4 branches of the dungeon, and saw 24 of its levels.
You also visited: Sewer and Ossuary.

You collected 2297 gold pieces.
You spent 503 gold pieces at shops.

Inventory:

Hand Weapons
 g - the +10 dark maul {crush}
   (You found it on level 7 of the Dungeon)

   It inflicts extra damage upon your enemies.
 i - a +0 morningstar
 S - a +1 dire flail of crushing (weapon)
Missiles
 h - 38 tomahawks (quivered)
Armour
 a - the +1 cloak "Trusted Companion" (worn) {MR+ rCorr}
   (You bought it in a shop on level 2 of the Orcish Mines)

   It affects your resistance to hostile enchantments.
   It protects you from acid and corrosion.
 l - a +2 pair of gloves (worn)
 H - a +0 pair of boots (worn)
 K - the +8 chain mail of a bailey (worn) {Dex+4}
   (Okawaru gifted it to you on level 10 of the Dungeon)

   It affects your dexterity (+4).
 N - a +1 hat of see invisible (worn)
 T - a +0 large shield
 V - a +1 buckler of reflection
Jewellery
 n - a ring of stealth (left hand)
 I - an uncursed amulet of guardian spirit
 R - a +4 ring of evasion (right hand)
 Y - a +6 amulet of reflection {unknown}
Wands
 v - a wand of enslavement (23)
 y - a wand of flame (88)
 D - a wand of iceblast (22)
 G - a wand of random effects (79)
 X - a wand of acid (4)
Scrolls
 d - 11 scrolls of remove curse
 e - 2 scrolls of fear
 j - a scroll of random uselessness {unknown}
 m - 9 scrolls of teleportation
 q - 2 scrolls of enchant armour
 t - 6 scrolls of enchant weapon
 w - 7 scrolls of magic mapping
 B - 4 scrolls of immolation {unknown}
 C - 2 scrolls of identify
 E - a scroll of amnesia
 F - 5 scrolls of fog {unknown}
 L - a scroll of vulnerability {unknown}
 P - 2 scrolls of blinking
 Q - a scroll of summoning {unknown}
 W - a scroll of torment {unknown}
Potions
 b - 2 potions of ambrosia {unknown}
 c - a potion of degeneration {unknown}
 k - a potion of flight {unknown}
 o - 5 potions of agility
 p - 10 potions of curing
 r - 2 potions of invisibility
 s - 2 potions of might
 u - 5 potions of haste
 x - 4 potions of lignification
 z - a potion of resistance
 A - a potion of magic {unknown}
 M - 2 potions of cancellation {unknown}
 O - 2 potions of mutation {unknown}
 U - 2 potions of heal wounds
Books
 J - a book of Minor Magic

   Spells                             Type                      Level
   a - Magic Dart                     Conjuration                  1
   b - Blink                          Translocation                2
   c - Call Imp                       Summoning                    2
   d - Slow                           Hexes                        2
   e - Conjure Flame                  Conjuration/Fire             3
   f - Mephitic Cloud                 Conjuration/Poison/Air       3
Comestibles
 f - 50 rations


   Skills:
 + Level 15.4 Fighting
 * Level 18.9 Maces & Flails
 + Level 13.2 Armour
 + Level 13.2 Shields


You had 15 spell levels left.
You didn't know any spells.

Dungeon Overview and Level Annotations

Branches:
Dungeon (15/15)            Temple (1/1) D:4            Lair (6/6) D:10
  Swamp (0/4) Lair:3       Spider (0/4) Lair:2          Orc (2/2) D:12
    Elf (0/3) Orc:2        Vaults (0/5) D:14
  Slime: Lair:5-6    Depths: D:15

Altars:
Dithmenos
Elyvilon
Fedhas
Hepliaklqana
Makhleb
Nemelex Xobeh
Okawaru
Ru
Sif Muna
Trog
Uskayaw
Yredelemnul
Zin
The Shining One
Beogh

Shops:
D:7 }   D:8 =!   D:9 [   D:10 (   Orc:2 =*:?

Annotations:
D:14 Rupert
Lair:5 2 transporters
Lair:6 exclusion: 5 oklob plants


Innate Abilities, Weirdness & Mutations

You are resistant to torment.
Your stone body is resilient. (AC +12)
You are immune to poison.
Your large and strong wings let you fly indefinitely.
You resist negative energy. (rN+)
You are resistant to electric shocks. (rElec)
You can survive without breathing.
You are immune to petrification.
You are immune to rotting.


Message History

Rupert is severely wounded.
The two-headed ogre barely misses you.
The two-headed ogre hits you but does no damage.
Rupert hits you with a great sword of protection!!
* * * LOW HITPOINT WARNING * * *
You feel very mighty all of a sudden. Rupert hits you but does no damage.
The two-headed ogre hits you but does no damage. x2
You closely miss Rupert.
Rupert is severely wounded.
You puncture Rupert!
Rupert is almost dead.
Rupert hits you with a great sword of protection!!
* * * LOW HITPOINT WARNING * * *
You closely miss Rupert.
Rupert is almost dead.
The two-headed ogre hits you but does no damage.
The two-headed ogre closely misses you.
Rupert hits you with a great sword of protection.
You die...

).......#.............#
#....[
##'########.........(.#
####'# #.#
#..(........# #.# #.#
####.######## #.#
##.#### #...# #.#
......# ###'##########
#.#
......####............#
#.#
......##.).[...[O)....#
#..
.........#.....)@.....#
##.
......####......@.....#
## ......#
#............# #
......# #............#
# ......#
##'########### #
......# #....#### #
.###### ####....# #
....### ####.#### #
###...## #..(.# #


You could see Rupert (berserk) and a two-headed ogre.

Vanquished Creatures
  A tengu reaver (D:11)
  An orc warlord (Orc:2)
  The ghost of simples the Severer, a journeyman MiBe of Trog (Lair:6)
  Azrael (D:14)
  Snorg (D:13)
  An ettin (Orc:2)
  A fire dragon (Lair:6)
  An ice dragon (D:11)
  A deep elf high priest (D:11)
  Fannar (D:12)
  8 vault guards (D:14)
  A catoblepas (Lair:4)
  13 two-headed ogres
  A death knight (D:14)
  An ogre mage (D:14)
  2 centaur warriors
  3 death yaks (D:10)
  4 orc high priests (Orc:2)
  Urug (Lair:1)
  11 skeletal warriors
  2 unseen horrors
  The ghost of Ymberto the Transmogrifier, a novice NaTm of Cheibriados (D:6)
  A lindwurm (Lair:6)
  4 orc knights (Orc:2)
  A wolf spider zombie (D:11)
  4 ugly things
  2 wolf spiders (Lair:6)
  4 orc sorcerers (Orc:2)
  3 manticores
  4 deep elf magi
  3 cyclopes
  14 elephants
  The ghost of Mlkhall the Geomancer, a novice GrEE of Sif Muna (D:7)
  A guardian serpent (Lair:6)
  10 black mambas
  6 torpor snails (Lair:6)
  13 spiny frogs
  A spriggan zombie (D:15)
  3 kobold demonologists
  3 rime drakes
  7 komodo dragons
  2 tengu conjurers
  5 trolls
  An efreet (D:15)
  4 jumping spiders (Lair:2)
  The ghost of tev the Covert, a novice SpAs (D:5)
  4 tyrant leeches (Lair:6)
  A meliai (shapeshifter) (D:14)
  10 hornets
  13 dream sheep
  9 blink frogs
  13 hippogriffs
  7 slime creatures
  A meliai zombie (D:12)
  3 redbacks
  A spriggan (D:11)
  A vampire (D:13)
  15 wyverns
  3 wraiths
  83 yaks
  4 fire elementals (D:14)
  3 hungry ghosts
  The ghost of aaksess the Ruffian, an amateur DrTm (D:3)
  5 basilisks
  6 vampire mosquitoes
  A steam dragon (D:13)
  3 wargs
  A soldier ant (D:12)
  2 acid dragons
  27 water moccasins
  A swamp drake (Orc:1)
  4 hell hounds (D:14)
  44 orc warriors
  10 porcupines
  2 eyes of draining
  4 ice beasts
  A phantom (D:3)
  4 black bears
  26 ogres
  5 boggarts (D:14)
  13 centaurs
  12 crocodiles
  3 big kobolds
  18 bullfrogs
  2 gnoll sergeants
  A wyvern zombie (D:8)
  3 scorpions
  9 killer bees
  11 wights
  2 howler monkeys
  An electric eel (Lair:1)
  5 crimson imps
  3 bullfrog zombies
  10 jellies
  5 bullfrog skeletons
  5 hounds
  33 orc priests
  5 centaur skeletons
  32 orc wizards
  An iron imp (Orc:1)
  5 iguanas
  15 worker ants
  5 hell rats (Lair:5)
  A big kobold zombie (Ossuary)
  A hound zombie (Ossuary)
  2 hound skeletons (D:4)
  A worker ant zombie (D:7)
  9 adders
  20 gnolls
  3 shadow imps
  A white imp (Orc:1)
  An ooze (D:4)
  An adder zombie (D:8)
  An adder skeleton (D:8)
  A worm (D:4)
  2 dart slugs
  3 leopard geckos
  106 orcs
  7 bats
  5 giant cockroaches
  8 hobgoblins
  20 jackals
  37 kobolds
  4 quokkas
  3 ball pythons
  4 frilled lizards
  A giant cockroach zombie (D:6)
  6 goblins
  A jackal skeleton (D:4)
  A quokka zombie (D:7)
  7 rats
  A plant (Lair:6)
931 creatures vanquished.

Vanquished Creatures (others)
  3 orcs
  2 bushes (Lair:6)
  20 fungi
  47 plants (Lair:6)
  2 withered plants (D:15)
74 creatures vanquished.

Grand Total: 1005 creatures vanquished

Notes
Turn   | Place    | Note
-------+----------+-------------------------------------------
     0 | D:1      | snakesoul the Gargoyle Fighter began the quest for the Orb.
     0 | D:1      | Reached XP level 1. HP: 14/14 MP: 1/1
   104 | D:1      | Reached XP level 2. HP: 18/19 MP: 2/2
   348 | D:1      | Reached skill level 3 in Maces & Flails
   368 | D:1      | Reached XP level 3. HP: 23/24 MP: 3/3
   833 | D:2      | Reached XP level 4. HP: 29/29 MP: 4/4
   878 | D:2      | Found a shadowy altar of Dithmenos.
  1274 | D:3      | Found a glowing drain.
  1330 | Sewer    | Entered a sewer
  1345 | Sewer    | Reached skill level 4 in Maces & Flails
  1495 | Sewer    | Noticed a crocodile
  1508 | Sewer    | Killed a crocodile
  1508 | Sewer    | Reached XP level 5. HP: 24/34 MP: 5/5
  1708 | D:3      | Noticed aaksess's ghost (amateur DrTm)
  1736 | D:3      | Killed aaksess's ghost
  1736 | D:3      | Reached skill level 5 in Fighting
  1736 | D:3      | Reached skill level 5 in Maces & Flails
  1736 | D:3      | Reached XP level 6. HP: 16/40 MP: 6/6
  1930 | D:3      | Found a white marble altar of Elyvilon.
  2121 | D:3      | Found a burning altar of Makhleb.
  3044 | D:4      | Reached skill level 6 in Maces & Flails
  3065 | D:4      | Reached XP level 7. HP: 44/44 MP: 7/7
  3731 | D:3      | Reached skill level 7 in Maces & Flails
  3901 | D:4      | Found a staircase to the Ecumenical Temple.
  3916 | Temple   | Entered the Ecumenical Temple
  3949 | Temple   | Became a worshipper of Warmaster Okawaru
  4011 | D:5      | Entered Level 5 of the Dungeon
  4038 | D:5      | Found a sand-covered staircase.
  4068 | D:5      | Reached XP level 8. HP: 52/52 MP: 8/8
  4111 | Ossuary  | Entered an ossuary
  4522 | D:5      | Noticed tev's ghost (novice SpAs)
  4567 | D:5      | Killed tev's ghost
  4567 | D:5      | Reached skill level 8 in Maces & Flails
  4954 | D:6      | Reached * piety under Okawaru
  5390 | D:6      | Reached skill level 9 in Maces & Flails
  5553 | D:6      | Reached XP level 9. HP: 57/58 MP: 9/9
  6178 | D:6      | Noticed Ymberto's ghost (novice NaTm)
  6188 | D:6      | Killed Ymberto's ghost
  6188 | D:6      | Reached ** piety under Okawaru
  6188 | D:6      | Reached skill level 10 in Maces & Flails
  6459 | D:7      | Found the +10 dark maul {crush}
  6474 | D:7      | Noticed Mlkhall's ghost (novice GrEE)
  6537 | D:7      | Killed Mlkhall's ghost
  6546 | D:7      | Reached skill level 11 in Maces & Flails
  6741 | D:7      | Reached XP level 10. HP: 55/66 MP: 10/10
  6889 | D:7      | Found Qauxtaf's Gadget Boutique.
  7274 | D:7      | Reached *** piety under Okawaru
  7451 | D:8      | Found Iclyp's Jewellery Boutique.
  7673 | D:8      | Found a basalt altar of Yredelemnul.
  7808 | D:8      | Noticed a two-headed ogre
  7817 | D:8      | Killed a two-headed ogre
  8120 | D:8      | Reached skill level 12 in Maces & Flails
  8148 | D:8      | Found a blossoming altar of Fedhas.
  8170 | D:8      | Found Fecoakou's Distillery.
  8170 | D:8      | Noticed a two-headed ogre
  8179 | D:8      | Killed a two-headed ogre
  8179 | D:8      | Reached **** piety under Okawaru
  8179 | D:8      | Reached skill level 10 in Fighting
  8207 | D:8      | Bought a potion of heal wounds for 55 gold pieces
  8207 | D:8      | Bought a potion of might for 44 gold pieces
  8940 | D:9      | Reached skill level 5 in Armour
  8940 | D:9      | Reached skill level 5 in Shields
  9086 | D:9      | Reached XP level 11. HP: 63/73 MP: 9/11
  9241 | D:9      | Found Xuom's Armour Emporium.
  9644 | D:9      | Found a sacrificial altar of Ru.
  9860 | D:10     | Entered Level 10 of the Dungeon
  9898 | D:10     | Reached ***** piety under Okawaru
 10078 | D:10     | Noticed a death yak
 10092 | D:10     | Killed a death yak
 10230 | D:10     | Noticed a death yak
 10230 | D:10     | Noticed a death yak
 10243 | D:10     | Killed a death yak
 10243 | D:10     | Reached skill level 13 in Maces & Flails
 10255 | D:10     | Killed a death yak
 10284 | D:10     | Received a gift from Okawaru
 10296 | D:10     | Got a warped chain mail {god gift}
 10297 | D:10     | Identified the +8 chain mail of a bailey {Dex+4} (Okawaru gifted it to you on level 10 of the Dungeon)
 10335 | D:10     | Found a staircase to the Lair.
 10575 | D:10     | Found Koaxu Kett's Antique Weapon Shoppe.
 10595 | D:10     | Bought a warped whip for 157 gold pieces
 10595 | D:10     | Identified the +2 whip "Wuckom" {elec, *Drain rF+++ Dex-2 Stlth+} (You bought it in a shop on level 10 of the Dungeon)
 11061 | Lair:1   | Entered Level 1 of the Lair of Beasts
 11328 | Lair:1   | Reached XP level 12. HP: 73/80 MP: 12/12
 11980 | Lair:1   | Reached skill level 14 in Maces & Flails
 12344 | Lair:1   | Identified Kikubaaqudgha's Reference Book on Lucky Necromancy
 12582 | Lair:2   | Noticed Urug
 12700 | Lair:1   | Killed Urug
 13724 | Lair:2   | Found a hole to the Spider Nest.
 14140 | Lair:3   | Received a gift from Okawaru
 14166 | Lair:3   | Reached XP level 13. HP: 86/86 MP: 13/13
 14312 | Lair:3   | Reached ****** piety under Okawaru
 14320 | Lair:3   | Reached skill level 15 in Maces & Flails
 14646 | Lair:3   | Received a gift from Okawaru
 15022 | Lair:3   | Found a staircase to the Swamp.
 16556 | Lair:5   | Found a dark tunnel.
 16773 | Lair:5   | Found a transporter.
 16806 | Lair:5   | Found a transporter.
 17025 | Lair:5   | Reached skill level 10 in Shields
 17321 | Lair:6   | Entered Level 6 of the Lair of Beasts
 17370 | Lair:6   | Reached skill level 10 in Armour
 17441 | Lair:6   | Gained mutation: Your large and strong wings let you fly indefinitely. [Gargoyle growth]
 17441 | Lair:6   | Reached XP level 14. HP: 94/94 MP: 14/14
 17500 | Lair:6   | Reached skill level 16 in Maces & Flails
 17857 | Lair:6   | Received a gift from Okawaru
 18518 | Lair:6   | Noticed simples's ghost (journeyman MiBe)
 18975 | Lair:6   | Killed simples's ghost
 18975 | Lair:6   | Received a gift from Okawaru
 19019 | Lair:6   | Found a runed door.
 22115 | D:11     | Reached skill level 17 in Maces & Flails
 22183 | D:11     | Noticed a tengu reaver
 22213 | D:11     | Killed a tengu reaver
 22213 | D:11     | Reached XP level 15. HP: 68/100 MP: 6/15
 22603 | D:12     | Received a gift from Okawaru
 22726 | D:12     | Noticed Fannar
 22782 | D:12     | Killed Fannar
 23565 | D:12     | Found a staircase to the Orcish Mines.
 23651 | Orc:1    | Entered Level 1 of the Orcish Mines
 24064 | Orc:2    | Entered Level 2 of the Orcish Mines
 24961 | Orc:2    | Paralysed by an orc sorcerer for 5 turns
 25295 | Orc:2    | Found a staircase to the Elven Halls.
 25575 | Orc:2    | Noticed an orc warlord
 25576 | Orc:2    | Found a roughly hewn altar of Beogh.
 25614 | Orc:2    | Killed an orc warlord
 26379 | Orc:2    | Found a roughly hewn altar of Beogh.
 26724 | Orc:2    | Received a gift from Okawaru
 26921 | Orc:2    | Found Tigaeh's Jewellery Emporium.
 27306 | Orc:2    | Found Foxzif's Assorted Antiques.
 27328 | Orc:2    | Bought an ichor-stained cloak for 247 gold pieces
 27328 | Orc:2    | Identified the +1 cloak "Trusted Companion" {MR+ rCorr} (You bought it in a shop on level 2 of the Orcish Mines)
 27973 | Orc:2    | Found Mupp's Magic Scroll Shoppe.
 28003 | Orc:2    | Found Ahiden's Book Boutique.
 28304 | Orc:2    | Reached skill level 18 in Maces & Flails
 28745 | D:13     | Noticed Snorg
 28761 | D:13     | Killed Snorg
 29005 | D:13     | Reached XP level 16. HP: 100/107 MP: 16/16
 30620 | D:14     | Reached skill level 15 in Fighting
 31447 | D:14     | Found a gate to the Vaults.
 31725 | D:15     | Entered Level 15 of the Dungeon
 32175 | D:15     | Noticed Azrael
 32418 | D:14     | Killed Azrael
 32985 | D:15     | Noticed Rupert
 33122 | D:14     | HP: 1/108 [Rupert/great sword of protection (18)]
 33123 | D:14     | Slain by Rupert

Skill      XL: |  1  2  3  4  5  6  7  8  9 10 11 12 13 14 15 16 |
---------------+-------------------------------------------------+-----
Maces & Flails | 3 4 5 6 7 9 11 12 13 14 15 17 18 | 18.9
Fighting       | 4 5 6 7 9 10 11 12 13 14 15 | 15.4
Armour         | 5 7 8 10 11 12 13 | 13.2
Shields        | 5 7 8 10 11 12 13 | 13.2

Action                   |  1- 3 |  4- 6 |  7- 9 | 10-12 | 13-15 | 16-18 || total
-------------------------+-------+-------+-------+-------+-------+-------++-------
Melee: Flail             |   131 |   274 |   345 |       |       |       ||   750
       Morningstar       |       |       |   196 |   827 |     6 |       ||  1029
       Dire flail        |       |       |       |       |  1949 |   638 ||  2587
Throw: Tomahawk          |       |       |       |       |    11 |       ||    11
Invok: Heroism           |       |       |       |     6 |     1 |       ||     7
       Finesse           |       |       |       |     1 |     3 |     1 ||     5
 Abil: Fly               |       |       |       |       |     1 |       ||     1
       Stop Flying       |       |       |       |       |     1 |       ||     1
  Use: Potion            |       |     2 |       |     1 |     7 |     3 ||    13
       Scroll            |       |     1 |    13 |     4 |    17 |       ||    35
  Eat: Chunk             |       |     8 |    13 |    24 |    48 |    14 ||   107
       Ration            |       |       |       |     1 |       |       ||     1
Armor: Scale mail        |    75 |   155 |   373 |   140 |       |       ||   743
       Chain mail        |       |       |       |   226 |  1130 |   415 ||  1771
Dodge: Dodged            |    47 |    86 |   184 |   160 |   880 |   367 ||  1724
Block: Shield            |    91 |   154 |   305 |   345 |     2 |       ||   897
